 Dungeon Sprint DCSS version 0.19-a0-1005-gf5a4b3b (webtiles) character file.

110 Musica the Reanimator (level 4, 0/30 HPs)
             Began as a Demonspawn Necromancer on July 19, 2016.
             Slain by Sigmund
             ... wielding a cursed -3 scythe
              (7 damage)
             ... in the Dungeon (Sprint I: "Red Sonja").
             The game lasted 00:02:20 (287 turns).

Musica the Reanimator (Demonspawn Necromancer)       Turns: 287, Time: 00:02:21

Health: 0/30       AC:  6    Str:  8    XL:     4   Next: 61%
Magic:  0/10       EV: 12    Int: 18    God:
Gold:   54         SH:  0    Dex: 13    Spells: 4 memorised, 3 levels left

rFire  . . .     SeeInvis .     (no weapon)
rCold  . . .     Gourm    .     a - +0 robe
rNeg   . . .     Faith    .     (no shield)
rPois  .         Spirit   +     (no helmet)
rElec  .         Dismiss  .     (no cloak)
rCorr  .         Reflect  .     (no gloves)
SustAt .         Harm     .     (no boots)
MR     .....     NoTele   +     (no amulet)
Stlth  ++........               (no ring)
                                (no ring)

@: not resistant to hostile enchantments, unstealthy
A: iridescent scales 1, powered by death 1, magic shield
a: no special abilities


You were in the Dungeon.
You were not hungry.

You visited 1 branch You collected 54 gold pieces.

Inventory:

Armour
 a - a +0 robe (worn)
Scrolls
 i - a scroll of blinking
Potions
 f - a potion of haste
Books
 b - a book of Necromancy

   Spells                             Type                      Level
   a - Pain                           Necromancy                   1
   b - Animate Skeleton               Necromancy                   1
   c - Vampiric Draining              Necromancy                   3
   d - Regeneration                   Charms/Necromancy            3
   e - Animate Dead                   Necromancy                   4
   f - Control Undead                 Necromancy                   4
Comestibles
 c - a bread ration


   Skills:
 - Level 1.7 Dodging
 - Level 1.7 Stealth
 + Level 4.3 Spellcasting
 + Level 9.9 Necromancy


You had 3 spell levels left.
You knew the following spells:

 Your Spells              Type           Power        Failure   Level  Hunger
a - Pain                  Necr           ####         1%          1    None
b - Animate Skeleton      Necr           N/A          1%          1    None
c - Vampiric Draining     Necr           #####.....   1%          3    ###....
d - Regeneration          Chrm/Necr      ###.......   6%          3    ###....


Dungeon Overview and Level Annotations

Branches:
Dungeon (1/1)

Altars:

Annotations:
D Sigmund


Innate Abilities, Weirdness & Mutations

You are partially covered in iridescent scales. (AC +4)
You regenerate a little health from kills.
When hurt, damage is shared between your health and your magic reserves.


Message History

Confirm with . or Enter, or press ? or * to list all spells.
Aiming: Pain
Press: ? - help, Shift-Dir - straight line, f/p - Sigmund
Aim: Sigmund, wielding a scythe and wearing a robe (severely wounded, chance to defeat MR: 89%) Sigmund convulses in agony!
Sigmund gestures wildly while chanting.
Sigmund flickers and vanishes!
Deactivating autopickup; reactivate with Ctrl-A.
You miss something.
Your skin stops crawling.
Something hits you.
You closely miss something. You closely miss something.
You hear some strange, mumbled words.
A puff of flame appears from out of thin air!
The puff of flame hits you!
* * * LOW HITPOINT WARNING * * *
You hit something. Something completely misses you.
You miss something. Something hits you!
You die...

#############
#<.#..'..#@.+
#..'..#..'{.#
#..#####'####
#..# #..#
#.)# ####
#..# #⌠⌠#
####


There were no monsters in sight!

Vanquished Creatures
  An ogre (D)
  Ijyb (D)
2 creatures vanquished.

Vanquished Creatures (others)
  A gargoyle (D)
1 creature vanquished.

Grand Total: 3 creatures vanquished

Notes
Turn   | Place    | Note
-------+----------+-------------------------------------------
     0 | D        | Musica the Demonspawn Necromancer began the quest for the Orb.
     0 | D        | Reached XP level 1. HP: 13/13 MP: 3/3
     2 | D        | Noticed Ijyb
    13 | D        | Killed Ijyb
    13 | D        | Reached skill level 7 in Necromancy
    13 | D        | Gained mutation: You are partially covered in iridescent scales. (AC +4) [demonic ancestry]
    13 | D        | Reached XP level 2. HP: 15/19 MP: 0/5
   117 | D        | Killed a gargoyle
   146 | D        | Learned a level 1 spell: Animate Skeleton
   146 | D        | Noticed an ogre
   168 | D        | Killed an ogre
   168 | D        | Reached skill level 9 in Necromancy
   168 | D        | Gained mutation: You regenerate a little health from kills. [demonic ancestry]
   168 | D        | Reached XP level 3. HP: 17/24 MP: 3/8
   168 | D        | Gained mutation: When hurt, damage is shared between your health and your magic reserves. [demonic ancestry]
   168 | D        | Reached XP level 4. HP: 21/30 MP: 3/10
   182 | D        | Learned a level 3 spell: Vampiric Draining
   186 | D        | Learned a level 3 spell: Regeneration
   266 | D        | Noticed Sigmund
   287 | D        | Slain by Sigmund

Vault maps used:
D:        dungeon_sprint_1

Skill      XL: |  1  2 |
---------------+-------+-----
Necromancy     | 7 9 |  9.9
Spellcasting   | 4 |  4.3
Dodging        | |  1.7
Stealth        | |  1.7

Action                   |  1- 3 |  4- 6 || total
-------------------------+-------+-------++-------
Melee: Unarmed           |     8 |    12 ||    20
 Cast: Pain              |    14 |     5 ||    19
       Vampiric Draining |       |     1 ||     1
       Regeneration      |       |     1 ||     1
  Use: Potion            |     4 |     1 ||     5
Armor: Robe              |     2 |       ||     2
Dodge: Dodged            |     8 |     5 ||    13
